 Dungeon Sprint DCSS version 0.30-a0-23-ge60ba3568b (webtiles) character file.

Game seed: 17745014497356766286

22162 Hubris850 the Demolition Hill Orc (level 12, -19/130 HPs)
             Began as a Hill Orc Monk on Aug 25, 2022.
             Was an Elder of Makhleb.
             Killed from afar by a frost giant (26 damage)
             ... with a bolt of cold
             ... in the Dungeon (Sprint VII: "The Pits").
             The game lasted 00:17:09 (2318 turns).

Hubris850 the Demolition Hill Orc (Hill Orc Monk)   Turns: 2318, Time: 00:17:10

Health: -19/130    AC: 34    Str: 15    XL:     12   Next: 97%
Magic:  26/26      EV: 11    Int: 10    God:    Makhleb [****..]
Gold:   56         SH:  0    Dex: 16    Spells: 11/11 levels left

rFire   . . .      SeeInvis .    H - +8 flail of Honesty {vamp, rC+ Will+ Str-4}
rCold   + . .      Faith    .    (no shield)
rNeg    . . .      Spirit   .    J - +5 storm dragon scales
rPois   .          Reflect  .    w - +0 helmet
rElec   +          Harm     .    t - +0 cloak
rCorr   .          Rampage  .    K - +1 pair of gloves
Will    +....      NoTele   +    u - +0 pair of boots
Stlth   ..........               (no amulet)
HPRegen 0.31/turn                h - +3 ring of protection
MPRegen 0.20/turn                q - +3 ring of dexterity

@: wreathed by umbra
A: no striking features
a: Renounce Religion, Minor Destruction, Lesser Servant of Makhleb, Major
Destruction


You were in the Dungeon.
You worshipped Makhleb.
Makhleb was greatly pleased with you.
You visited 1 branch You collected 56 gold pieces.

Inventory:

Hand Weapons
 a - a +0 hand axe
 j - a +2 hand axe
 n - a +2 long sword of flaming
 o - a +0 vorpal hand axe
 x - a +1 vorpal broad axe
 H - the +8 flail of Honesty (weapon) {vamp, rC+ Will+ Str-4}
   (You took it off a merfolk in the Dungeon)

   It occasionally heals its wielder for a portion of the damage dealt when it
   wounds a living foe.
   Str:       It affects your strength (-4).
   rC:        It protects you from cold.
   Will:      It increases your willpower.
Missiles
 I - 4 boomerangs (quivered)
Armour
 b - a +0 robe
 e - a +3 scale mail
 t - a +0 cloak (worn)
 u - a +0 pair of boots (worn)
 v - a +4 chain mail
 w - a +0 helmet (worn)
 J - +5 storm dragon scales (worn)
 K - a +1 pair of gloves (worn)
Jewellery
 h - a +3 ring of protection (left hand)
 q - a +3 ring of dexterity (right hand)
 C - a ring of protection from fire
 E - a ring of ice
 G - the ring of Balance {rPois Will++ Int-2 SInv}
   (You took it off a merfolk in the Dungeon)

   [ring of poison resistance]

   Int:       It affects your intelligence (-2).
   rPois:     It protects you from poison.
   SInv:      It lets you see invisible.
   Will:      It greatly increases your willpower.
Scrolls
 i - a scroll of blinking
 l - 5 scrolls of amnesia
 m - a scroll of summoning
 z - 4 scrolls of enchant weapon
 A - a scroll of fear
 B - 3 scrolls of identify
 D - a scroll of silence
Potions
 c - 2 potions of ambrosia
 d - 8 potions of curing
 f - 2 potions of haste
 g - 4 potions of magic
 k - 2 potions of invisibility
 p - 12 potions of heal wounds
 r - 3 potions of berserk rage
 s - 3 potions of mutation
Miscellaneous
 F - a phial of floods
 L - a lightning rod (4/4)


   Skills:
 - Level 19.1 Fighting
 - Level 18.0 Axes
 - Level 18.1 Armour
 + Level 7.9 Dodging
 - Level 1.6 Stealth
 - Level 20.6 Invocations
 + Level 8.3 Evocations


You had 11 spell levels left.
You didn't know any spells.
Your spell library contained the following spells:

 Spells                   Type           Power      Damage    Failure   Level
 Static Discharge         Conj/Air       0%         3-3/arc   98%         2
 Dispel Undead            Necr           0%         3d6       100%        4
 Sticky Flame             Conj/Fire      0%         2d3       100%        4


Dungeon Overview and Level Annotations

Branches:
Dungeon (1/1)

Altars:
Ashenzari
Cheibriados
Dithmenos
Elyvilon
Fedhas
Gozag
Hepliaklqana
Kikubaaqudgha
Makhleb
Nemelex Xobeh
Okawaru
Qazlal
Ru
Sif Muna
Trog
Uskayaw
Vehumet
Wu Jian
Xom
Yredelemnul
Zin
The Shining One
Beogh
Jiyva
Lugonu


Message History

You closely miss the blizzard demon.
The blizzard demon is lightly wounded.
The frost giant points at you and mumbles some strange words.
The bolt of cold hits the blizzard demon.
The blizzard demon resists.
The bolt of cold hits you! You resist.
* * * LOW HITPOINT WARNING * * *
The rakshasa blinks!
You hit the blizzard demon.
The blizzard demon is moderately wounded.
The blizzard demon barely misses you.
The blizzard demon hits you but does no damage.
The black draconian breathes lightning at you.
The bolt of lightning hits the blizzard demon.
The blizzard demon completely resists.
The bolt of lightning hits you! You resist.
* * * LOW HITPOINT WARNING * * *
The profane servitor hits you with a +1 whip of distortion!
* * * LOW HITPOINT WARNING * * *
The profane servitor draws strength from your injuries!
Space warps around you.
* * * LOW HITPOINT WARNING * * *
The profane servitor hits you but does no damage.
Unknown command.
You hit the profane servitor.
The profane servitor is moderately damaged.
The profane servitor misses you.
The profane servitor hits you but does no damage.
The blizzard demon hits you but does no damage.
The blizzard demon closely misses you.
The rakshasa weaves an illusion.
The rakshasa blinks!
You miss the profane servitor.
The profane servitor is moderately damaged.
The profane servitor hits you but does no damage. x2
The blizzard demon waves its arms in wide circles.
The air twists around and strikes you.
The frost giant gestures at you while chanting.
The bolt of cold hits the blizzard demon.
The blizzard demon resists.
The bolt of cold hits you!! You resist.
You die...

#####++#####
#..........#
#..........#
+..#....#..#
+..........#
#..........#
############..#.@..#..#
..........''..§.2A....#
..........''..........#
########..##.4#Cd..#..#
)#.#.#.#..##...Rt.....+
#)#.#.##..##..........+
}#)#.#|#..####'X####++#
#)#.#.##..####''###
.#.#.#.#..##...§..#


You could see a profane servitor, a frost giant, a black draconian, an alligator
(swift), a blizzard demon (summoned), a rakshasa, a large abomination and an ice
devil.

Vanquished Creatures
  A deep troll (D)
  A merfolk (D)
  A floating eye (D)
  A bullfrog (D)
  A scorpion (D)
  An iron imp (D)
  2 gnolls (D)
  An ufetubus (D)
  An adder skeleton (D)
  A worm (D)
  3 orcs (D)
  A bat skeleton (D)
  A ball python (D)
  A bat (D)
  A frilled lizard (D)
18 creatures vanquished.

Vanquished Creatures (collateral kills)
  A storm dragon (D)
  A ghost moth (D)
  A merfolk impaler (D)
  A great orb of eyes (D)
  2 two-headed ogres (D)
  Erica (D)
  An anaconda (D)
  A merfolk avatar (D)
  A spriggan berserker (D)
  2 bog bodies (D)
  A spriggan druid (D)
  A shadow wraith (D)
  A deep troll (D)
  A deep elf zephyrmancer (D)
  2 deep elf pyromancers (D)
  4 elephants (D)
  A guardian serpent (D)
  A rust devil (D)
  2 gargoyles (D)
  3 cane toads (D)
  3 kobold demonologists (D)
  4 rime drakes (D)
  An unseen horror (D)
  A freezing wraith (D)
  A hellwing (D)
  A yaktaur (D)
  A demonic crawler (D)
  A tyrant leech (D)
  A troll (D)
  A hornet (D)
  4 merfolk (D)
  An air elemental (D)
  2 spriggans (D)
  A ynoxinul (D)
  2 fire bats (D)
  A basilisk (D)
  A water moccasin (D)
  13 wolves (D)
  2 kobold brigands (D)
  A phantom (D)
  A bullfrog (shapeshifter) (D)
  A bullfrog (D)
  A necrophage (D)
  4 wights (D)
  2 orc priests (D)
  4 orc wizards (D)
  7 orcs (D)
  A giant cockroach (D)
  A goblin (D)
  3 jackals (D)
  2 kobolds (D)
  A quokka (D)
  A ball python (D)
  A quokka zombie (D)
  A rat (D)
103 creatures vanquished.

Grand Total: 121 creatures vanquished

Notes
Turn   | Place    | Note
-------+----------+-------------------------------------------
     0 | D        | Hubris850 the Hill Orc Monk began the quest for the Orb.
     0 | D        | Reached XP level 1. HP: 19/19 MP: 1/1
    40 | D        | Found a glowing golden altar of the Shining One.
    40 | D        | Found a glowing silver altar of Zin.
    40 | D        | Found a basalt altar of Yredelemnul.
    40 | D        | Found a shimmering altar of Xom.
    40 | D        | Found an ornate altar of the Wu Jian Council.
    40 | D        | Found a bloodstained altar of Trog.
    40 | D        | Found a shimmering blue altar of Sif Muna.
    40 | D        | Found a sacrificial altar of Ru.
    40 | D        | Found a stormy altar of Qazlal.
    40 | D        | Found an iron altar of Okawaru.
    40 | D        | Found a sparkling altar of Nemelex Xobeh.
    40 | D        | Found a burning altar of Makhleb.
    40 | D        | Found a viscous altar of Jiyva.
    40 | D        | Found a hazy altar of Hepliaklqana.
    40 | D        | Found an opulent altar of Gozag.
    40 | D        | Found a blossoming altar of Fedhas.
    40 | D        | Found a white marble altar of Elyvilon.
    40 | D        | Found a shadowy altar of Dithmenos.
    40 | D        | Found a snail-covered altar of Cheibriados.
    41 | D        | Found a radiant altar of Vehumet.
    41 | D        | Found a corrupted altar of Lugonu.
    41 | D        | Found a roughly hewn altar of Beogh.
    42 | D        | Found an ancient bone altar of Kikubaaqudgha.
    42 | D        | Found a hide-covered altar of Uskayaw.
    42 | D        | Found a broken altar of Ashenzari.
    48 | D        | Became a worshipper of Makhleb the Destroyer
    48 | D        | Reached * piety under Makhleb
    48 | D        | Reached ** piety under Makhleb
   205 | D        | Reached skill level 5 in Axes
   205 | D        | Reached skill level 1 in Armour
   205 | D        | Reached XP level 2. HP: 26/27 MP: 2/2
   306 | D        | Reached *** piety under Makhleb
   309 | D        | Reached skill level 1 in Invocations
   551 | D        | Noticed a fire bat
   559 | D        | Killed a fire bat
   559 | D        | Reached **** piety under Makhleb
   560 | D        | Reached skill level 10 in Axes
   560 | D        | Reached skill level 5 in Armour
   560 | D        | Reached skill level 5 in Invocations
   560 | D        | Reached XP level 3. HP: 19/33 MP: 2/7
   560 | D        | Reached XP level 4. HP: 23/40 MP: 2/8
   560 | D        | Reached XP level 5. HP: 27/46 MP: 2/9
   791 | D        | Noticed a floating eye
   798 | D        | Reached skill level 6 in Invocations
   798 | D        | Paralysed by a floating eye for 3 turns
   805 | D        | Reached skill level 7 in Invocations
   809 | D        | Killed a floating eye
   810 | D        | Reached skill level 8 in Invocations
   810 | D        | Reached XP level 6. HP: 52/52 MP: 9/12
   821 | D        | Noticed a fire bat
   831 | D        | Killed a fire bat
   831 | D        | Reached ***** piety under Makhleb
   832 | D        | Reached skill level 10 in Invocations
   832 | D        | Reached XP level 7. HP: 36/59 MP: 11/15
   837 | D        | Reached skill level 12 in Invocations
   847 | D        | Noticed a deep troll
   858 | D        | Killed a deep troll
   859 | D        | Reached skill level 16 in Invocations
   859 | D        | Reached XP level 8. HP: 46/66 MP: 16/20
  1039 | D        | Reached skill level 17 in Invocations
  1084 | D        | Noticed a rime drake
  1085 | D        | Noticed a bog body
  1091 | D        | Killed a bog body
  1092 | D        | Reached skill level 19 in Invocations
  1092 | D        | Reached XP level 9. HP: 35/71 MP: 20/22
  1094 | D        | Killed a rime drake
  1095 | D        | Reached skill level 20 in Invocations
  1219 | D        | Noticed a deep elf pyromancer
  1220 | D        | Killed a deep elf pyromancer
  1221 | D        | Reached skill level 5 in Fighting
  1226 | D        | Reached skill level 15 in Axes
  1233 | D        | Noticed a rust devil
  1234 | D        | Noticed a kobold demonologist
  1234 | D        | Noticed a kobold demonologist
  1234 | D        | Noticed a kobold demonologist
  1238 | D        | Noticed a freezing wraith
  1241 | D        | Noticed an ice devil
  1242 | D        | Noticed a hellwing
  1243 | D        | Killed a rust devil
  1252 | D        | Noticed a hellwing
  1252 | D        | Killed a kobold demonologist
  1253 | D        | Reached XP level 10. HP: 63/86 MP: 24/24
  1253 | D        | Killed a kobold demonologist
  1256 | D        | Killed a kobold demonologist
  1256 | D        | Reached ****** piety under Makhleb
  1298 | D        | Noticed a two-headed ogre
  1299 | D        | Killed an unseen horror
  1299 | D        | Killed a two-headed ogre
  1300 | D        | Reached skill level 10 in Fighting
  1300 | D        | Reached skill level 10 in Armour
  1300 | D        | Noticed a cane toad
  1300 | D        | Killed a cane toad
  1312 | D        | Noticed a gargoyle
  1312 | D        | Noticed a two-headed ogre
  1313 | D        | Killed a gargoyle
  1315 | D        | Killed a two-headed ogre
  1316 | D        | Reached XP level 11. HP: 75/104 MP: 25/25
  1338 | D        | Noticed a spriggan druid
  1338 | D        | Noticed a deep elf pyromancer
  1338 | D        | Noticed a merfolk avatar
  1338 | D        | Noticed a bog body
  1340 | D        | Killed a deep elf pyromancer
  1341 | D        | Killed a spriggan druid
  1343 | D        | Killed a merfolk avatar
  1344 | D        | Reached skill level 15 in Fighting
  1344 | D        | Killed a bog body
  1348 | D        | Noticed Erica
  1349 | D        | Noticed a deep troll
  1350 | D        | Killed a deep troll
  1351 | D        | Reached skill level 15 in Armour
  1355 | D        | Killed a shadow wraith
  1357 | D        | Killed Erica
  1771 | D        | Noticed an anaconda
  1771 | D        | Noticed a spriggan berserker
  1773 | D        | Reached XP level 12. HP: 100/125 MP: 26/26
  1777 | D        | Killed an anaconda
  1782 | D        | Noticed a merfolk impaler
  1786 | D        | Killed a merfolk impaler
  1788 | D        | Killed a spriggan berserker
  1793 | D        | Paralysed by an air elemental for 1 turns
  1796 | D        | Noticed a great orb of eyes
  1801 | D        | Killed a great orb of eyes
  1806 | D        | Reached skill level 1 in Evocations
  1816 | D        | Identified the ring of Balance {rPois Will++ Int-2 SInv}
  1817 | D        | Noticed a storm dragon
  1820 | D        | HP: 3/130 [storm dragon/bolt of lightning (16)]
  1824 | D        | Killed a storm dragon
  1825 | D        | Reached skill level 5 in Dodging
  1825 | D        | Reached skill level 5 in Evocations
  1839 | D        | Killed a ghost moth
  2059 | D        | Identified the +8 flail of Honesty {vamp, rC+ Will+ Str-4}
  2301 | D        | Noticed a rakshasa
  2301 | D        | Noticed a profane servitor
  2301 | D        | Noticed a black draconian
  2301 | D        | Noticed a frost giant
  2301 | D        | Noticed an alligator
  2301 | D        | Noticed a death knight
  2305 | D        | Noticed a blizzard demon
  2318 | D        | Killed from afar by a frost giant

Illustrated notes

Levels and vault maps discovered:
D:        pitsprint [storerooms_1, entrance_room_1, metal_vault_4, armoury_2,
          mini_pit_1, grid_room_1, main_hall_1, silver_pit, the_coven_3,
          the_vestibule_1, steel_vault_2, golden_pit, hallway_of_sentries,
          crystal_vault_4, iron_vault_4, final_vault]

Skill      XL: |  1  2  3  4  5  6  7  8  9 10 11 12 |
---------------+-------------------------------------+-----
Fighting       | 4 7 12 17 19 | 19.1
Axes           | 5 10 13 14 16 18 | 18.0
Armour         | 1 5 7 11 16 18 | 18.1
Dodging        | 3 7 |  7.9
Invocations    | 5 8 10 16 19 20 | 20.6
Evocations     | 8 |  8.3
Stealth        | |  1.6

Action                   |  1- 3 |  4- 6 |  7- 9 | 10-12 || total
-------------------------+-------+-------+-------+-------++-------
Melee: Hand axe          |    33 |    23 |    38 |       ||    94
       Broad axe         |       |       |    15 |    21 ||    36
       Punch             |       |       |     1 |       ||     1
       Flail             |       |       |       |     7 ||     7
Throw: Boomerang         |       |       |       |     1 ||     1
Invok: Lesser Servant of |     1 |     1 |     1 |       ||     3
       Major Destruction |       |       |     1 |     1 ||     2
       Greater Servant o |       |       |     2 |    14 ||    16
  Use: Potion            |     3 |       |     3 |     6 ||    12
       Scroll            |       |       |       |     6 ||     6
Armor: Robe              |    11 |       |       |       ||    11
       Scale mail        |       |    15 |    11 |       ||    26
       Chain mail        |       |       |     5 |    17 ||    22
       Storm dragon scal |       |       |       |    21 ||    21
Dodge: Dodged            |    18 |     7 |    16 |    22 ||    63

Table legend: (Time is in decaauts)
 A = Elapsed time spent in this place.
 B = Non-inter-level travel time spent in this place.
 C = Inter-level travel time spent in this place.
 D = Time resting spent in this place.
 E = Time spent auto-exploring this place.
 F = Levels seen in this place.
 G = Mean time per level.
                   A        B        C        D        E       F      G
               +--------+--------+--------+--------+--------+-----+--------+
         Total |   2340 |   2332 |      8 |   1395 |      0 |   1 | 2340.0 |
       Dungeon |   2340 |   2332 |      8 |   1395 |      0 |   1 | 2340.0 |
               +--------+--------+--------+--------+--------+-----+--------+

Top non-repeatable levels by time:
       D: 2340 daAuts
